 Dungeon Crawl Stone Soup version 0.23-a0-296-ga3b1b28 (webtiles) character file.

651 galech the Chopper (level 7, -4/54 HPs)
             Began as a Demonspawn Fighter on Oct 5, 2018.
             Slain by a vampire (9 damage)
             ... on level 5 of the Dungeon.
             The game lasted 00:04:40 (4181 turns).

galech the Chopper (Demonspawn Fighter)             Turns: 4181, Time: 00:04:41

Health: -4/54      AC: 11    Str: 17    XL:     7   Next: 28%
Magic:  7/7        EV:  6    Int:  9    God:
Gold:   255        SH:  0    Dex: 14    Spells: 6/6 levels left

rFire    . . .     SeeInvis .   a - +0 war axe
rCold    . . .     Gourm    .   o - +0 large shield
rNeg     . . .     Faith    .   b - +0 scale mail
rPois    .         Spirit   .   (no helmet)
rElec    .         Reflect  .   (no cloak)
rCorr    .         Harm     .   (no gloves)
MR       .....                  t - +0 pair of boots
Stlth    ..........             q - amulet of regeneration
HPRegen  0.58/turn              (no ring)
MPRegen  0.10/turn              (no ring)

@: confused
A: claws 1, molten scales 2, powered by pain 1
a: no special abilities


You were on level 5 of the Dungeon.
You were hungry.

You visited 2 branches of the dungeon, and saw 6 of its levels.

You collected 255 gold pieces.

Inventory:

Hand Weapons
 a - a +0 war axe (weapon)
Armour
 b - a +0 scale mail (worn)
 o - a +0 large shield (worn)
 t - a +0 pair of boots (worn)
Jewellery
 q - an amulet of regeneration (around neck)
Scrolls
 e - a scroll of magic mapping {unknown}
 j - 4 scrolls of identify {unknown}
 k - a scroll of noise {unknown}
 m - 3 scrolls of teleportation {unknown}
 p - 3 scrolls of blinking {unknown}
 s - 2 scrolls of amnesia {unknown}
 u - 2 scrolls of enchant armour {unknown}
Potions
 d - 2 potions of might
 g - 2 potions of brilliance {unknown}
 h - a potion of curing {unknown}
 i - 5 potions of cancellation {unknown}
 l - a potion of lignification {unknown}
 n - a potion of resistance {unknown}
 r - a potion of degeneration {unknown}
 v - a potion of agility {unknown}
Comestibles
 c - 2 chunks of flesh
 f - 11 rations


   Skills:
 + Level 4.1 Fighting
 + Level 4.8 Axes
 + Level 3.6 Armour
 + Level 1.2 Dodging
 + Level 0.1 Stealth
 + Level 4.7 Shields


You had 6 spell levels left.
You didn't know any spells.
Your spell library was empty.

Dungeon Overview and Level Annotations

Branches:
Dungeon (5/15)             Temple (1/1) D:4

Altars:
Ashenzari
Dithmenos
Elyvilon
Fedhas
Gozag
Hepliaklqana
Kikubaaqudgha
Makhleb
Nemelex Xobeh
Qazlal
Ru
Sif Muna
Trog
Uskayaw
Vehumet
Wu Jian
Xom
Yredelemnul
Zin


Innate Abilities, Weirdness & Mutations

You have sharp fingernails.
You are mostly covered in molten scales. (AC +3)
You sometimes gain a little power by taking damage.


Message History

You completely miss something.
You hear some strange, mumbled words.
Something tries to affect you, but you resist.
You're too confused to move!
You feel less confused. Something hits you.
* * * LOW HITPOINT WARNING * * *
Something bites you.
* * * LOW HITPOINT WARNING * * *
Something draws strength from your injuries!
You hit something. You slash the leopard gecko!
You kill the leopard gecko!
Something hits you.
* * * LOW HITPOINT WARNING * * *
Something bites you but does no damage.
You closely miss something.
You hear some strange, mumbled words.
You are confused.
Something hits you!
You die...

#.....###....##..# +.
#................# #.
+................# #.
#................### ##
#......###...##<...# ##
###############+############.
..........................
......./5........#########
...>.>...@.......#
..##.##.####.##.## # #.#
###### ... ..... .......
....$.... ...........
..$....!.....


You could see a shadow imp.

Vanquished Creatures
  A hornet zombie (D:5)
  2 howler monkeys (D:4)
  An orc wizard (D:4)
  An orc priest (D:4)
  2 hounds (D:5)
  Terence (D:2)
  An iguana (D:5)
  4 worker ants
  A worker ant zombie (D:5)
  4 gnolls (D:3)
  6 adders
  An ooze (D:1)
  2 worms
  4 dart slugs
  5 leopard geckos
  12 orcs
  3 ball pythons
  5 hobgoblins
  8 jackals
  4 quokkas
  8 bats
  3 frilled lizards
  10 goblins
  5 kobolds
  A leopard gecko skeleton (D:5)
  11 rats
106 creatures vanquished.

Notes
Turn   | Place    | Note
-------+----------+-------------------------------------------
     0 | D:1      | galech the Demonspawn Fighter began the quest for the Orb.
     0 | D:1      | Reached XP level 1. HP: 18/18 MP: 1/1
     6 | D:1      | Noticed an electric eel
     6 | D:1      | Noticed an electric eel
   156 | D:1      | Gained mutation: You sometimes gain a little power by
                  | taking damage. [demonic ancestry]
   156 | D:1      | Reached XP level 2. HP: 16/24 MP: 2/2
   554 | D:1      | Gained mutation: You have sharp fingernails. [demonic
                  | ancestry]
   554 | D:1      | Reached XP level 3. HP: 28/29 MP: 3/3
  1161 | D:2      | Noticed Terence
  1188 | D:2      | Killed Terence
  1188 | D:2      | Gained mutation: You are partially covered in molten
                  | scales. (AC +2) [demonic ancestry]
  1188 | D:2      | Reached XP level 4. HP: 14/35 MP: 4/4
  2192 | D:3      | Gained mutation: You are mostly covered in molten scales.
                  | (AC +3) [demonic ancestry]
  2192 | D:3      | Reached XP level 5. HP: 24/41 MP: 5/5
  3187 | D:4      | Reached XP level 6. HP: 48/48 MP: 6/6
  3408 | D:4      | Found a blossoming altar of Fedhas.
  3482 | D:4      | Found a staircase to the Ecumenical Temple.
  3511 | Temple   | Entered the Ecumenical Temple
  3619 | D:4      | Found a deep blue altar of Sif Muna.
  3744 | D:4      | Found a shattered altar of Ashenzari.
  3744 | D:4      | Found a faded altar of an unknown god.
  3749 | D:4      | Found a hide-covered altar of Uskayaw.
  3751 | D:4      | Found a faded altar of an unknown god.
  3752 | D:4      | Found an opulent altar of Gozag.
  3816 | D:5      | Entered Level 5 of the Dungeon
  3865 | D:5      | Reached skill level 1 in Dodging
  4001 | D:5      | Reached XP level 7. HP: 34/54 MP: 7/7
  4106 | D:5      | Found a basalt altar of Yredelemnul.
  4108 | D:5      | Noticed a profane servitor
  4155 | D:5      | Noticed a vampire
  4181 | D:5      | Slain by a vampire

Vault maps used:
D:1:      arrival_aquarium_b, nrook_loot_triangle, eino_curves_02
D:2:      first_ration, uniq_terence
D:3:      corexii_shack_village
D:4:      chequers_temple_overflow_minitemple, lemuel_blue_sif_altar,
          old_standard_altar, minmay_temple_entry_enclosed_plants
D:5:      grunt_temple_overflow_holy_war
Temple:   nicolae_temple_god_jail

Skill      XL: |  1  2  3  4  5  6 |
---------------+-------------------+-----
Axes           | 2 3 4 |  4.8
Armour         | 3 |  3.6
Shields        | 3 4 |  4.7
Dodging        | 1 |  1.2
Fighting       | 4 |  4.1
Stealth        | |  0.1

Action                   |  1- 3 |  4- 6 |  7- 9 || total
-------------------------+-------+-------+-------++-------
Melee: War axe           |   163 |   249 |    40 ||   452
  Eat: Chunk             |     1 |    10 |       ||    11
Armor: Scale mail        |    59 |   126 |    17 ||   202
Dodge: Dodged            |    42 |    67 |     7 ||   116
Block: Shield            |    77 |    10 |       ||    87
       Large shield      |       |   229 |    29 ||   258

Table legend:
 A = Non-vault XP
 B = Vault XP
 C = Vault XP percentage of total XP
 D = Non-vault monster count
 E = Vault monster count
 F = Vault count percentage of total count
                 A         B        C        D         E       F
            +---------+---------+-------+---------+---------+-------
      Total |     880 |      50 |   5.4 |     100 |       6 |   5.7
            +---------+---------+-------+---------+---------+-------
        D:1 |      50 |       0 |   0.0 |      26 |       0 |   0.0
        D:2 |      84 |      38 |  31.1 |      20 |       1 |   4.8
        D:3 |     100 |      12 |  10.7 |      23 |       5 |  17.9
        D:4 |     346 |       0 |   0.0 |      20 |       0 |   0.0
        D:5 |     300 |       0 |   0.0 |      11 |       0 |   0.0
            +---------+---------+-------+---------+---------+-------
